 Dungeon Crawl Stone Soup version 0.29.0-10-g45618ea6d2 (webtiles) character file.

Game seed: 7725484966396569588

61 blackman the Sneak (level 3, -3/29 HPs)
             Began as a Demonspawn Delver on Sept 1, 2022.
             Slain by an orc
             ... wielding a +0 hand axe
              (4 damage)
             ... on level 3 of the Dungeon.
             The game lasted 00:04:37 (1610 turns).

blackman the Sneak (Demonspawn Delver)              Turns: 1610, Time: 00:04:37

Health: -3/29      AC:  4    Str: 14    XL:     3   Next: 83%
Magic:  3/3        EV: 11    Int: 11    God:
Gold:   14         SH:  0    Dex: 14    Spells: 2/2 levels left

rFire   . . .      SeeInvis .   a - +0 hand axe
rCold   . . .      Faith    .   (no shield)
rNeg    . . .      Spirit   .   b - +0 leather armour
rPois   .          Reflect  .   (no helmet)
rElec   .          Harm     .   (no cloak)
rCorr   .          Rampage  .   (no gloves)
Will    .....                   (no boots)
Stlth   ++........              (no amulet)
HPRegen 0.09/turn               (no ring)
MPRegen 0.08/turn               (no ring)

@: no status effects
A: claws 1, rugged brown scales 1
a: no special abilities


You were on level 3 of the Dungeon.
You visited 1 branch of the dungeon, and saw 4 of its levels.

You collected 14 gold pieces.

Inventory:

Hand Weapons
 a - a +0 hand axe (weapon)
Missiles
 h - 4 poisoned darts (quivered)
Armour
 b - a +0 leather armour (worn)
Wands
 g - a wand of digging (3)
Scrolls
 c - a scroll of fog
 e - 2 scrolls of fear
 k - a scroll of vulnerability {unknown}
 l - a scroll of teleportation
 m - 2 scrolls of identify {unknown}
 n - a scroll of enchant weapon {unknown}
Potions
 d - a potion of attraction {unknown}
 f - 2 potions of haste
 i - a potion of magic
 j - 2 potions of heal wounds {unknown}


   Skills:
 - Level 3.0 Fighting
 + Level 3.8 Axes
 - Level 1.7 Dodging
 - Level 4.5 Stealth


You had 2 spell levels left.
You didn't know any spells.
Your spell library contained the following spells:

 Spells                   Type           Power      Damage    Failure   Level
 Magic Dart               Conj           0%         1d3       41%         1
 Call Imp                 Summ           0%         N/A       56%         2
 Mephitic Cloud           Conj/Pois/Air  0%         N/A       80%         3


Dungeon Overview and Level Annotations

Branches:
Dungeon (5/15)
 Temple: D:4-7

Altars:
Nemelex Xobeh
Okawaru
Sif Muna
Uskayaw
Xom

Shops:
D:2 *   D:4 *


Innate Abilities, Weirdness & Mutations

You have sharp fingernails.
You are partially covered in rugged brown scales. (AC +1, +3% HP)


Message History

You closely miss the goblin. The goblin barely misses you.
You slash the goblin!
You kill the goblin!
You hit the endoplasm. The endoplasm freezes you.
You are frozen.
The endoplasm misses you. The endoplasm attacks as you move away!
The endoplasm hits you.
You see here a +0 club.
You barely miss the endoplasm.
The endoplasm is heavily wounded.
The endoplasm freezes you.
You are frozen.
You hit the endoplasm.
You kill the endoplasm!
An orc comes into view. It is wielding a +0 hand axe.
The orc shouts!
You hit the orc.
The orc is lightly wounded.
The orc hits you with a +0 hand axe.
You barely miss the orc.
The orc is lightly wounded.
The orc hits you but does no damage.
You closely miss the orc.
The orc is lightly wounded.
The orc misses you.
You hit the orc but do no damage.
The orc is lightly wounded.
The orc hits you with a +0 hand axe.
* * * LOW HITPOINT WARNING * * *
You hit the orc.
The orc is heavily wounded.
The orc hits you with a +0 hand axe.
* * * LOW HITPOINT WARNING * * *
You hit the orc but do no damage.
The orc is heavily wounded.
The orc misses you. The orc hits you with a +0 hand axe.
* * * LOW HITPOINT WARNING * * *
It was a potion of magic.
Magic courses through your body. The orc hits you with a +0 hand axe.
You die...

##..# .# # # #$####
#..# .#.#.###
......##.#####.#.#....
#.)........#...##.
###†............#.
#.#####)>###..≈≈≈≈≈...
#.o......# #..≈≈§≈≈°..
#.###o#### ##.§§§§≈§..
#@# #.°≈○≈§... #..#
#.≈≈.≈≈.#. ##.#
#....(..#. ..
######.### #.# ..# #
.# #### # .. ##.


You could see an orc.

Vanquished Creatures
  4 adders
  A dart slug (D:2)
  3 endoplasms
  2 giant cockroaches (D:4)
  A hobgoblin (D:2)
  4 ball pythons
  3 bats
  2 frilled lizards
  5 goblins
  A kobold (D:2)
  A rat (D:2)
27 creatures vanquished.

Vanquished Creatures (others)
  A kobold (D:3)
  A rat (D:3)
  7 fungi (D:3)
  5 plants (D:3)
14 creatures vanquished.

Grand Total: 41 creatures vanquished

Notes
Turn   | Place    | Note
-------+----------+-------------------------------------------
     0 | D:5      | blackman the Demonspawn Delver began the quest for the Orb.
     0 | D:5      | Reached XP level 1. HP: 18/18 MP: 1/1
     2 | D:5      | Noticed an iguana
     9 | D:5      | Noticed a hound
    33 | D:4      | Found Sietih's Assorted Antiques.
    43 | D:4      | Gained mutation: You are partially covered in rugged brown
                  | scales. (AC +1, +3% HP) [demonic ancestry]
    43 | D:4      | Reached XP level 2. HP: 17/24 MP: 2/2
   199 | D:4      | Found a sparkling altar of Nemelex Xobeh.
   242 | D:4      | Found a hide-covered altar of Uskayaw.
   276 | D:4      | Noticed a scorpion
   299 | D:4      | Noticed a wight
   300 | D:4      | Noticed a wight
   300 | D:4      | Noticed a wight
   373 | D:3      | Found a shimmering blue altar of Sif Muna.
   411 | D:3      | Found an iron altar of Okawaru.
   445 | D:3      | Found a shimmering altar of Xom.
   622 | D:2      | Gained mutation: You have sharp fingernails. [demonic
                  | ancestry]
   622 | D:2      | Reached XP level 3. HP: 29/29 MP: 3/3
  1531 | D:2      | Found Qeraun's General Store.
  1609 | D:3      | HP: 1/29 [orc/+0 hand axe (3)]
  1610 | D:3      | Slain by an orc

Illustrated notes

Levels and vault maps discovered:
D:2:      minmay_wonky_spiral, layout_basic, serial_shops,
          nicolae_shop_behind_doors
D:3:      layout_rooms, nicolae_sif_muna_condensation, fedhas_altar_3,
          okawaru_trees_2, xom_confusion_cloud, st_stairs_1
D:4:      layout_rooms, amethyst_overflow_temple_binary, lemuel_crystal_altar,
          serial_shops, nicolae_stop_n_shop_2
D:5:      layout_cave_pools, serial_shops, shop, shop, minmay_crystal_room,
          cheibrodos_gnoll_hut, uniq_edmund

Skill      XL: |  1  2 |
---------------+-------+-----
Axes           | 2 3 |  3.8
Fighting       | |  3.0
Dodging        | |  1.7
Stealth        | |  4.5

Action                   || total
-------------------------++-------
Melee: Hand axe          ||   101
       Punch             ||     1
  Use: Scroll            ||     2
       Potion            ||     1
 Stab: Sleeping          ||     7
Armor: Leather armour    ||    45
Dodge: Dodged            ||    65
